 Dungeon Crawl Stone Soup version 0.29.1-2-gbd0b4ee654 (webtiles) character file.

Game seed: 13906521757736376323

4305 KittyFluff the Protected (level 10, 0/61 HPs)
             Began as a Gargoyle Berserker on Nov 13, 2022.
             Was an Elder of Trog.
             Slain by a cyclops (26 damage)
             ... on level 7 of the Dungeon.
             The game lasted 00:34:58 (10394 turns).

KittyFluff the Protected (Gargoyle Berserker)      Turns: 10394, Time: 00:34:59

Health: 0/61       AC: 18    Str: 21    XL:     10   Next: 32%
Magic:  10/10      EV: 13    Int:  8    God:    Trog [****..]
Gold:   194        SH:  5    Dex: 13    Spells: 9/9 levels left

rFire   . . .      SeeInvis .   b - +1 quarterstaff (spect)
rCold   . . .      Faith    .   (shield currently unavailable)
rNeg    + . .      Spirit   .   J - +0 steam dragon scales
rPois   ∞          Reflect  +   j - +0 helmet
rElec   +          Harm     .   (no cloak)
rCorr   .          Rampage  .   f - +1 pair of gloves
Will    .....                   (no boots)
Stlth   ++........              p - amulet of reflection
HPRegen 0.20/turn               q - ring of flight
MPRegen 0.12/turn               (no ring)

@: on berserk cooldown, flying, studying Armour
A: sickness immunity, AC +7, negative energy resistance 1, electricity
resistance, torment resistance 1, petrification resistance
a: Renounce Religion, Berserk, Trog's Hand, Brothers in Arms


You were on level 7 of the Dungeon.
You worshipped Trog.
Trog was greatly pleased with you.
You visited 1 branch of the dungeon, and saw 8 of its levels.

You collected 334 gold pieces.
You spent 140 gold pieces at shops.

Inventory:

Hand Weapons
 a - a +0 morningstar of protection
 b - a +1 spectral quarterstaff (weapon)
 o - a +0 sling
 I - a +0 vorpal mace
Missiles
 z - 2 poisoned darts
 E - 10 boomerangs (quivered)
Armour
 f - a +1 pair of gloves (worn)
 j - a +0 helmet (worn)
 u - a +2 chain mail of willpower
 J - +0 steam dragon scales (worn)
Jewellery
 p - an amulet of reflection (around neck)
 q - a ring of flight (left hand)
Wands
 c - a wand of flame (13)
 B - a wand of digging (4)
 H - a wand of paralysis (15)
Scrolls
 g - a scroll of acquirement {unknown}
 h - a scroll of summoning {unknown}
 m - 2 scrolls of magic mapping {unknown}
 n - 3 scrolls of teleportation {unknown}
 r - a scroll of fear {unknown}
 s - a scroll of immolation {unknown}
 t - a scroll of vulnerability {unknown}
 v - 2 scrolls of blinking {unknown}
 w - 2 scrolls of noise {unknown}
 x - a scroll of fog {unknown}
 y - 2 scrolls of enchant armour {unknown}
 A - a scroll of enchant weapon {unknown}
 D - 2 scrolls of brand weapon {unknown}
Potions
 d - 4 potions of curing
 e - 4 potions of might
 i - 2 potions of mutation
 k - 2 potions of ambrosia
 l - 2 potions of heal wounds
 C - 3 potions of haste
 F - 2 potions of attraction
 G - 2 potions of lignification {unknown}
 K - a potion of berserk rage {unknown}


   Skills:
 + Level 6.3 Fighting
 + Level 7.1(8.4) Maces & Flails
 + Level 6.8(8.2) Staves
 * Level 10.6 Armour
 + Level 4.9 Dodging
 + Level 4.0 Stealth
 + Level 3.5 Shields


You had 9 spell levels left.
You didn't know any spells.
Your spell library was empty.

Dungeon Overview and Level Annotations

Branches:
Dungeon (8/15)             Temple (0/1) D:7
   Lair: D:8-11

Altars:
Cheibriados
Gozag
Hepliaklqana
Kikubaaqudgha
Sif Muna
Trog
Uskayaw
Yredelemnul
Zin

Shops:
D:2 (((   D:6 (   D:7 *


Innate Abilities, Weirdness & Mutations

You are immune to sickness and miasma.
Your stone body is resilient. (AC +7)
You are immune to poison.
You resist negative energy. (rN+)
You are resistant to electric shocks. (rElec)
You are resistant to unholy torment.
You are immune to petrification.


Message History

Qeuew's ghost closely misses you.
You barely miss qeuew's ghost.
Qeuew's ghost is almost destroyed.
You block qeuew's ghost's attack.
Qeuew's ghost hits you but does no damage.
You completely miss qeuew's ghost.
Qeuew's ghost is almost destroyed.
Qeuew's ghost hits you but does no damage.
You miss qeuew's ghost.
Qeuew's ghost is almost destroyed.
Qeuew's ghost hits you but does no damage.
You hit qeuew's ghost.
You destroy qeuew's ghost!
Trog accepts your kill.
Trog appreciates your killing of a magic user.
The centaur shoots an arrow.
You reflect the arrow off an invisible shield around you!
The arrow hits the centaur!
The orc closely misses you.
You sock the orc!
You kill the orc!
Trog accepts your kill.
The centaur shoots an arrow.
The arrow hits you.
The centaur unwields a +0 shortbow.
The centaur hits you but does no damage.
The centaur barely misses you. You block the centaur's attack.
The centaur closely misses you.
You barely miss the centaur.
The centaur is severely wounded.
The centaur hits you but does no damage.
The centaur closely misses you. x3
You sock the centaur!
You kill the centaur!
Trog accepts your kill.
Your Stealth skill increases to level 4!
You start resting.
You feel yourself speed up.
You thump the cyclops!
The cyclops is lightly wounded.
The cyclops hits you!!
You die...

##.####.##
#########.####.##..#.
.#.######
#......#######.######
.#....# ##........#.....#
.#....# #........+.....#
.#....# #........#.....#
.+....# #........#.....#
.#....# #..............##
.....##
######C......#....####
######
#..#.@##'''###..⌠.⌠...
#....##$...$##...∩....
#....#.$$_$.∩#..⌠.⌠...
#....#8$.8$.8#........
#####'###.$$..$.#........
#.......##∩8∩8.##...#####
#...)))..########...#
#...........<...#...##
#...............'....#


You could see a cyclops.

Vanquished Creatures
  A catoblepas (D:7)
  The ghost of qeuew the Covert, a novice SpEn of Nemelex Xobeh (D:7)
  A steam dragon (D:7)
  6 yaks
  A water moccasin (D:5)
  A sky beast (D:7)
  An ice beast (D:7)
  A black bear (D:5)
  2 centaurs
  An ogre (D:5)
  A phantom (D:6)
  A kobold brigand (D:7)
  A bullfrog (D:7)
  A necrophage (D:7)
  4 scorpions
  5 wights (D:6)
  3 howler monkeys (D:7)
  4 hounds
  2 jellies
  3 orc priests
  Jessica (D:3)
  Terence (D:2)
  Natasha (thrice) (D:2)
  3 iguanas
  5 orc wizards
  Robin (D:2)
  7 gnolls
  11 adders
  A white imp (D:7)
  An ufetubus (D:6)
  2 worms
  3 dart slugs
  31 orcs
  6 endoplasms
  3 giant cockroaches
  20 goblins
  16 hobgoblins
  4 jackals (D:5)
  4 quokkas
  3 ball pythons
  6 bats
  A frilled lizard (D:1)
  12 kobolds
  8 rats
194 creatures vanquished.

Notes
Turn   | Place    | Note
-------+----------+-------------------------------------------
     0 | D:1      | KittyFluff the Gargoyle Berserker began the quest for the
                  | Orb.
     0 | D:1      | Reached XP level 1. HP: 14/14 MP: 1/1
    58 | D:1      | Found a faded altar of an unknown god.
   166 | D:1      | Reached XP level 2. HP: 9/19 MP: 2/2
   644 | D:1      | Reached XP level 3. HP: 22/24 MP: 3/3
  1194 | D:2      | Noticed Robin
  1213 | D:1      | Reached ** piety under Trog
  1503 | D:1      | Reached skill level 3 in Armour
  1525 | D:2      | Killed Robin
  1526 | D:2      | Reached XP level 4. HP: 19/29 MP: 4/4
  1609 | D:2      | Noticed Terence
  1623 | D:2      | HP: 1/43 [Terence/+1 falchion of holy wrath (8)]
  1629 | D:2      | Killed Terence
  1683 | D:2      | Noticed Natasha
  1688 | D:2      | Killed Natasha
  1955 | D:2      | Found Raty's Weapon Boutique.
  2032 | D:2      | Reached XP level 5. HP: 33/33 MP: 5/5
  2158 | D:2      | Found Julecesofa's Antique Weapon Boutique.
  2194 | D:2      | Found Tybif's Antique Weapon Boutique.
  2198 | D:2      | Noticed Natasha
  2210 | D:2      | Killed Natasha
  2211 | D:2      | Reached skill level 4 in Armour
  2497 | D:2      | Noticed Natasha
  2515 | D:2      | Killed Natasha
  2719 | D:2      | Reached XP level 6. HP: 25/38 MP: 6/6
  2719 | D:2      | Found an ancient bone altar of Kikubaaqudgha.
  4184 | D:3      | Noticed Jessica
  4191 | D:3      | Found a shimmering blue altar of Sif Muna.
  4195 | D:3      | Killed Jessica
  4196 | D:3      | Reached skill level 1 in Stealth
  4829 | D:2      | Bought a glowing quarterstaff for 140 gold pieces
  5011 | D:4      | Reached skill level 5 in Maces & Flails
  5192 | D:4      | Found a hazy altar of Hepliaklqana.
  5226 | D:4      | Reached skill level 5 in Armour
  5291 | D:4      | Reached *** piety under Trog
  5509 | D:4      | Found an ancient bone altar of Kikubaaqudgha.
  5639 | D:4      | Reached XP level 7. HP: 44/44 MP: 7/7
  5842 | D:4      | Reached skill level 1 in Shields
  6004 | D:5      | Entered Level 5 of the Dungeon
  6458 | D:5      | Reached skill level 6 in Armour
  6983 | D:5      | Reached XP level 8. HP: 45/48 MP: 8/8
  7005 | D:5      | Found a glowing silver altar of Zin.
  7398 | D:5      | Reached skill level 5 in Fighting
  7398 | D:5      | Reached skill level 7 in Armour
  8145 | D:6      | Found Catsum's Weapon Boutique.
  8190 | D:6      | Reached skill level 1 in Staves
  8503 | D:6      | Found a bloodstained altar of Trog.
  8538 | D:6      | Reached XP level 9. HP: 49/54 MP: 9/9
  8638 | D:6      | Reached **** piety under Trog
  9066 | D:7      | Reached skill level 8 in Armour
  9286 | D:8      | Reached skill level 9 in Armour
  9529 | D:7      | Reached skill level 5 in Staves
  9766 | D:7      | Found a staircase to the Ecumenical Temple.
 10013 | D:7      | Found a basalt altar of Yredelemnul.
 10018 | D:7      | Found a snail-covered altar of Cheibriados.
 10025 | D:7      | Found a hide-covered altar of Uskayaw.
 10126 | D:7      | Reached skill level 10 in Armour
 10126 | D:7      | Reached XP level 10. HP: 60/60 MP: 10/10
 10151 | D:7      | Found a runed translucent gate.
 10151 | D:7      | Found a runed translucent gate.
 10152 | D:7      | Found a runed translucent gate.
 10152 | D:7      | Found Hupsymm's Assorted Antiques.
 10153 | D:7      | Found an opulent altar of Gozag.
 10169 | D:7      | Noticed a catoblepas
 10169 | D:7      | Noticed a cyclops
 10169 | D:7      | Noticed qeuew's ghost (novice SpEn)
 10355 | D:7      | Killed a catoblepas
 10388 | D:7      | Killed qeuew's ghost
 10394 | D:7      | Slain by a cyclops

Illustrated notes

Levels and vault maps discovered:
D:1:      dpeg_arrival_arbitrary_c, layout_basic,
          shapermc_ecumenical_altar_starsandcircs, minmay_unequal
D:2:      layout_loops_ring, serial_shops, nicolae_shop_waterfront,
          nicolae_shop_statue_plus, shop_fountains, basic_altar, uniq_robin,
          uniq_natasha, uniq_terence
D:3:      layout_basic, tgw_sif
D:4:      layout_layer_cave, mainiacjoe_overflow_big_doors,
          minmay_goblin_outpost
D:5:      nicolae_cairo_tiling_large_dashed, layout_rooms, zin_treasury
D:6:      layout_basic, mainiacjoe_overflow_concentric_impassable, serial_shops,
          nicolae_inconvenience_store, minmay_door_square
D:7:      layout_gridville, grunt_temple_overflow_diamond,
          minmay_temple_entry_offerings, serial_shops, shop_fountains,
          ebering_ghost_gozag
D:8:      layout_cave_pods, uniq_erica

Skill      XL: |  1  2  3  4  5  6  7  8  9 10 |
---------------+-------------------------------+-----
Dodging        | 2 3 4 |  4.9
Armour         | 3 4 5 6 7 10 | 10.6
Fighting       | 4 5 6 |  6.3
Maces & Flails | 4 5 6 7 |  7.1
Stealth        | 1 2 3 4 |  4.0
Shields        | 1 2 3 |  3.5
Staves         | 2 5 6 |  6.8

Action                   |  1- 3 |  4- 6 |  7- 9 | 10-12 || total
-------------------------+-------+-------+-------+-------++-------
Melee: Mace              |   119 |   238 |   197 |       ||   554
       Punch             |       |     5 |     2 |       ||     7
       Quarterstaff      |       |       |   135 |    50 ||   185
Throw: Boomerang         |       |       |       |     1 ||     1
Invok: Berserk           |     1 |     6 |     2 |     1 ||    10
  Use: Scroll            |       |       |     8 |       ||     8
 Stab: Sleeping          |       |     2 |     1 |       ||     3
       Distracted        |       |       |     2 |       ||     2
Armor: Animal skin       |    62 |     1 |       |       ||    63
       Leather armour    |       |    91 |   101 |       ||   192
       Steam dragon scal |       |       |     4 |    26 ||    30
       Skin              |       |       |     1 |       ||     1
Dodge: Dodged            |   114 |   121 |   191 |    16 ||   442
Block: Other             |       |    33 |    75 |    12 ||   120
       Reflection        |       |     2 |     1 |     2 ||     5
